 Dungeon Crawl Stone Soup version 0.29.1-2-gbd0b4ee654 (webtiles) character file.

Game seed: 11061838385970030816

3010 KittyFluff the Cruncher (level 9, -3/81 HPs)
             Began as a Gargoyle Berserker on Nov 23, 2022.
             Was an Elder of Trog.
             Slain by a manticore (11 damage)
             ... on level 11 of the Dungeon.
             The game lasted 00:33:37 (7597 turns).

KittyFluff the Cruncher (Gargoyle Berserker)        Turns: 7597, Time: 00:33:38

Health: -3/81      AC: 16    Str: 21    XL:     9   Next: 84%
Magic:  9/9        EV: 12    Int:  8    God:    Trog [****..]
Gold:   73         SH:  0    Dex: 13    Spells: 8/8 levels left

rFire   + . .      SeeInvis .   t - +2 quarterstaff (chaos)
rCold   . . .      Faith    .   (shield currently unavailable)
rNeg    + . .      Spirit   .   f - +0 acid dragon scales
rPois   ∞          Reflect  .   (no helmet)
rElec   +          Harm     .   u - +0 cloak
rCorr   +          Rampage  .   (no gloves)
Will    +....                   y - +0 pair of boots
Stlth   ..........              (no amulet)
HPRegen 0.23/turn               g - ring of willpower
MPRegen 0.11/turn               C - ring of protection from fire

@: berserking, spiked, very quick
A: sickness immunity, AC +6, negative energy resistance 1, electricity
resistance, torment resistance 1, petrification resistance
a: Renounce Religion, Berserk, Trog's Hand, Brothers in Arms


You were on level 11 of the Dungeon.
You worshipped Trog.
Trog was greatly pleased with you.
You visited 1 branch of the dungeon, and saw 9 of its levels.

You collected 459 gold pieces.
You spent 386 gold pieces at shops.

Inventory:

Hand Weapons
 t - a +2 quarterstaff of chaos (weapon)
 D - a +0 sling
 G - the +8 falchion "Raisin" {freeze, rC+}
   (You found it on level 5 of the Dungeon)

   It freezes those it strikes, dealing additional cold damage.
   It can also slow down cold-blooded creatures.
   rC:        It protects you from cold.
 K - a +3 antimagic mace
 L - a +0 quarterstaff
 O - the +6 war axe of Honour {antimagic, rPois rF+ Dex+4}
   (You found it on level 11 of the Dungeon)

   It reduces the magical energy of the wielder, and disrupts the spells and
   magical abilities of those it strikes.
   Natural abilities and divine invocations are not affected.
   Dex:       It affects your dexterity (+4).
   rF:        It protects you from fire.
   rPois:     It protects you from poison.
Missiles
 i - 19 poisoned darts (quivered)
 p - 14 curare-tipped darts
 A - 6 boomerangs
Armour
 f - +0 acid dragon scales (worn)
 u - a +0 cloak (worn)
 w - a +0 leather armour of poison resistance
 y - a +0 pair of boots (worn)
Magical Staves
 d - a staff of poison
Jewellery
 g - a ring of willpower (left hand)
 C - a ring of protection from fire (right hand)
Wands
 s - a wand of flame (3)
 E - a wand of digging (3)
 J - a wand of charming (2)
Scrolls
 b - a scroll of fog {unknown}
 c - a scroll of enchant weapon {unknown}
 e - 2 scrolls of noise {unknown}
 h - 5 scrolls of blinking
 m - a scroll of torment {unknown}
 n - a scroll of vulnerability {unknown}
 o - a scroll of summoning {unknown}
 x - 3 scrolls of immolation {unknown}
 z - 6 scrolls of teleportation
 B - a scroll of enchant armour {unknown}
 F - 2 scrolls of poison
 I - a scroll of magic mapping {unknown}
 M - a scroll of fear {unknown}
 N - a scroll of identify
Potions
 a - a potion of haste
 j - 5 potions of curing
 k - 2 potions of might
 l - a potion of flight
 q - 4 potions of heal wounds
 r - a potion of invisibility
 v - 2 potions of magic
 H - a potion of attraction


   Skills:
 + Level 5.4 Fighting
 + Level 5.0(7.8) Maces & Flails
 * Level 9.3(9.9) Staves
 * Level 6.2 Armour
 + Level 3.9 Dodging
 + Level 3.4 Stealth


You had 8 spell levels left.
You didn't know any spells.
Your spell library contained the following spells:

 Spells                   Type           Power      Damage    Failure   Level
 Passwall                 Tmut/Erth      0%         N/A       63%         2
 Lesser Beckoning         Tloc           0%         N/A       85%         3
 Dragon Form              Tmut           0%         N/A       100%        7
 Necromutation            Tmut/Necr      0%         N/A       100%        8


Dungeon Overview and Level Annotations

Branches:
Dungeon (8/15)             Temple (0/1) D:5
   Lair: D:8-11

Altars:
Dithmenos
Elyvilon
Gozag
Hepliaklqana
Kikubaaqudgha
Makhleb
Nemelex Xobeh
Sif Muna
Trog
Vehumet
Yredelemnul
The Shining One

Shops:
D:5 *?   D:7 *

Annotations:
D:6 Blork the orc


Innate Abilities, Weirdness & Mutations

You are immune to sickness and miasma.
Your stone body is resilient. (AC +6)
You are immune to poison.
You resist negative energy. (rN+)
You are resistant to electric shocks. (rElec)
You are resistant to unholy torment.
You are immune to petrification.


Message History

Aim: a manticore (70% to hit)
You throw a poisoned dart. The poisoned dart hits the manticore.
The manticore is poisoned.
The manticore flicks its tail.
The volley of spikes hits you!
The barbed spikes become lodged in your body.
* * * LOW HITPOINT WARNING * * *
Unknown command.
Aiming: Charm
Press: ? - help, Shift-Dir - straight line, f/p - manticore
Aim: a manticore (lightly wounded, poisoned, chance to affect: 31%)
The manticore easily resists.
A red film seems to cover your vision as you go berserk!
You feel yourself moving faster!
You feel mighty!
The manticore flicks its tail.
The volley of spikes misses you.
You feel a strong urge to attack something.
The barbs in your skin will harm you if you move.
Continue?
The barbed spikes dig painfully into your body as you move.
* * * LOW HITPOINT WARNING * * *
The manticore bites you!
* * * LOW HITPOINT WARNING * * *
The manticore claws you.
* * * LOW HITPOINT WARNING * * *
The manticore claws you but does no damage.
You barely miss the manticore.
The manticore is lightly wounded.
You completely miss the manticore.
The manticore is lightly wounded.
The manticore barely misses you.
The manticore claws you but does no damage.
The manticore claws you.
* * * LOW HITPOINT WARNING * * *
You sock the manticore!
The manticore looks as sick as possible!
The manticore is heavily wounded.
You thump the manticore! You freeze the manticore!
The manticore is almost dead.
The manticore bites you!
You die...

######## #.....(#
#.....H#
#.....@###########
#......'.........#
#......#########.###
#......# #...####
#.....^# ###.....
#.....<# #####.
#......# ## #......#
########


You could see a manticore (extremely poisoned).

Vanquished Creatures
  Maggie (D:6)
  A steam dragon (D:8)
  A water moccasin (D:5)
  An ice beast (D:5)
  2 orc warriors (D:7)
  A black bear (D:2)
  3 ogres
  A centaur (D:5)
  4 phantoms
  A kobold brigand (D:7)
  3 necrophages
  4 bullfrogs (D:7)
  4 scorpions
  A howler monkey (D:6)
  6 hounds
  5 jellies (D:5)
  Crazy Yiuf (D:3)
  2 orc priests
  2 iguanas
  An orc wizard (D:7)
  8 adders
  A shadow imp (D:6)
  A white imp (D:5)
  4 ufetubi
  2 worms
  3 dart slugs
  20 orcs
  14 ball pythons
  9 bats
  10 endoplasms
  7 giant cockroaches
  6 goblins
  11 hobgoblins
  2 jackals (D:1)
  5 quokkas
  3 frilled lizards
  11 kobolds
  9 rats
171 creatures vanquished.

Vanquished Creatures (others)
  A kobold zombie (D:4)
  A fungus (D:3)
2 creatures vanquished.

Grand Total: 173 creatures vanquished

Notes
Turn   | Place    | Note
-------+----------+-------------------------------------------
     0 | D:1      | KittyFluff the Gargoyle Berserker began the quest for the
                  | Orb.
     0 | D:1      | Reached XP level 1. HP: 14/14 MP: 1/1
    93 | D:1      | Reached XP level 2. HP: 10/19 MP: 2/2
   348 | D:1      | Reached XP level 3. HP: 19/23 MP: 3/3
   543 | D:1      | Reached ** piety under Trog
  1400 | D:2      | Reached XP level 4. HP: 10/28 MP: 4/4
  1585 | D:2      | Noticed a black bear
  1597 | D:2      | Killed a black bear
  1598 | D:2      | Reached skill level 1 in Stealth
  1598 | D:2      | Reached XP level 5. HP: 20/33 MP: 5/5
  1971 | D:2      | Found a faded altar of an unknown god.
  2384 | D:3      | Got the Quarto of Superposition and the Figure
  2416 | D:3      | Reached *** piety under Trog
  2547 | D:3      | Found a runed translucent door.
  2548 | D:3      | Noticed Crazy Yiuf
  2557 | D:3      | Killed Crazy Yiuf
  2558 | D:3      | Reached XP level 6. HP: 38/38 MP: 6/6
  3346 | D:4      | Reached skill level 1 in Staves
  3372 | D:4      | Reached skill level 5 in Maces & Flails
  3778 | D:4      | Reached skill level 2 in Staves
  4000 | D:4      | Reached XP level 7. HP: 43/43 MP: 7/7
  4038 | D:5      | Entered Level 5 of the Dungeon
  4038 | D:5      | Found Adequcef's Magic Scroll Emporium.
  4044 | D:5      | Reached skill level 3 in Staves
  4260 | D:5      | Reached skill level 4 in Staves
  4528 | D:5      | Reached XP level 8. HP: 45/48 MP: 8/8
  4534 | D:5      | Reached skill level 5 in Staves
  4565 | D:5      | Identified the +8 falchion "Raisin" {freeze, rC+}
  4626 | D:5      | Found Faghotinu's CLEARANCE SALE!.
  4637 | D:5      | Bought 2 scrolls of identify for 12 gold pieces
  4681 | D:5      | Reached skill level 5 in Armour
  4907 | D:5      | Reached skill level 6 in Staves
  5162 | D:5      | Reached **** piety under Trog
  5290 | D:5      | Found a staircase to the Ecumenical Temple.
  5379 | D:5      | Bought a scroll of poison for 52 gold pieces
  5379 | D:5      | Bought a scroll of teleportation for 39 gold pieces
  5379 | D:5      | Bought a scroll of identify for 26 gold pieces
  5379 | D:5      | Bought a scroll of identify for 26 gold pieces
  5423 | D:6      | Noticed Maggie
  5445 | D:6      | Killed Maggie
  5446 | D:6      | Reached skill level 5 in Fighting
  5446 | D:6      | Reached skill level 7 in Staves
  5446 | D:6      | Reached XP level 9. HP: 53/54 MP: 9/9
  5480 | D:6      | Noticed Blork the orc
  6284 | D:7      | Found an opulent altar of Gozag.
  6286 | D:7      | Found a glowing golden altar of the Shining One.
  6286 | D:7      | Found a burning altar of Makhleb.
  6286 | D:7      | Found a basalt altar of Yredelemnul.
  6304 | D:7      | Reached skill level 8 in Staves
  6387 | D:7      | Found a sparkling altar of Nemelex Xobeh.
  6387 | D:7      | Found a shadowy altar of Dithmenos.
  6387 | D:7      | Found a bloodstained altar of Trog.
  6387 | D:7      | Found an ancient bone altar of Kikubaaqudgha.
  6387 | D:7      | Found a radiant altar of Vehumet.
  6413 | D:7      | Found a hazy altar of Hepliaklqana.
  6413 | D:7      | Found a shimmering blue altar of Sif Muna.
  6413 | D:7      | Found a white marble altar of Elyvilon.
  7061 | D:7      | Found Ofrya's Island Escapes.
  7216 | D:7      | Reached skill level 9 in Staves
  7492 | D:7      | Bought 3 scrolls of teleportation for 126 gold pieces
  7492 | D:7      | Bought a scroll of blinking for 105 gold pieces
  7529 | D:8      | You fall into a shaft and drop 3 floors!
  7574 | D:11     | Identified the +6 war axe of Honour {antimagic, rPois rF+
                  | Dex+4}
  7586 | D:11     | Noticed a manticore
  7597 | D:11     | Slain by a manticore

Illustrated notes

Levels and vault maps discovered:
D:1:      saegor_arrival_simple_e, layout_rooms, grunt_decor_clamped
D:2:      layout_loops_ring, basic_ecumenical_altar, grunt_ministairs_4,
          chequers_garden
D:3:      layout_basic, minmay_between, uniq_crazy_yiuf_cottage
D:4:      kennysheep_six_static_rooms, layout_basic, dreamdust_princess_bridge
D:5:      minmay_thinvault, layout_cave_pools, minmay_temple_entry_overgrown,
          serial_shops, nicolae_stop_n_shop_2, chequers_serial_rivers_micro_d,
          nicolae_shop_clearance
D:6:      layout_rooms, hex_medium, uniq_blork_the_orc, uniq_maggie
D:7:      layout_loops_cross, nicolae_overflows_in_rows,
          hangedman_decor_peaks_small, minmay_statues_item,
          nicolae_island_escapes
D:8:      layout_loops_cross, nicolae_ossuary_entry_false_entrances,
          enter_bailey_3, uniq_gastronok
D:11:     layout_roguey, serial_shops, nicolae_shop_stone, enter_trove_6

Skill      XL: |  1  2  3  4  5  6  7  8  9 |
---------------+----------------------------+-----
Dodging        | 2 3 |  3.9
Maces & Flails | 4 5 |  5.0
Armour         | 3 4 5 6 |  6.2
Stealth        | 1 2 3 |  3.4
Fighting       | 4 5 |  5.4
Staves         | 2 4 7 9 |  9.3

Action                   |  1- 3 |  4- 6 |  7- 9 || total
-------------------------+-------+-------+-------++-------
Melee: Mace              |   148 |    86 |       ||   234
       Quarterstaff      |       |    65 |   289 ||   354
Throw: Dart              |       |       |     1 ||     1
Invok: Berserk           |       |     2 |     4 ||     6
Evoke: Wand              |       |       |     1 ||     1
  Use: Scroll            |       |       |     9 ||     9
       Potion            |       |       |     1 ||     1
 Stab: Sleeping          |     1 |     4 |     2 ||     7
       Confused          |       |       |     1 ||     1
Armor: Animal skin       |    82 |    29 |       ||   111
       Leather armour    |       |    20 |    70 ||    90
       Acid dragon scale |       |       |    39 ||    39
Dodge: Dodged            |   129 |   114 |   162 ||   405
